[Event "106th British-ch Major 2019"]
[Site "Torquay"]
[Date "2019.07.31"]
[Round "5.22"]
[White "Rushbrooke, Tibo"]
[Black "Ifalore, Michael"]
[Result "0-1"]
[ECO "A03"]
[WhiteElo "1700"]
[BlackElo "1907"]
[Annotator "NA"]
[PlyCount "54"]
[EventDate "2019.07.27"]
[EventType "swiss"]
[EventCountry "GBR"]
[SourceTitle "playchess.com"]
[Source "ChessBase"]
[SourceQuality "1"]
[TimeControl "40/5400+30:1800+30"]

1. f4 d5 2. Nf3 Nc6 3. e3 Bg4 4. Be2 Bxf3 5. Bxf3 e5 6. fxe5 Nxe5 7. O-O Nf6 8. d3 Bd6 9. Nd2 Qe7 10. e4 Nxf3+ 11. Qxf3 dxe4 12. Nxe4 Nxe4 13. dxe4 O-O-O 14. Bf4 Bc5+ 15. Kh1 Kb8 16. c3 Rhe8 17. Rfe1 f5 18. Qg3 Qf7 19. exf5 Rxe1+ 20. Rxe1 Bb6 21. Qg4 a6 22. a4 h5 23. Qg6 Qc4 24. Be5 Qe2 25. Bg3 Rd1 26. Qxb6 Rxe1+ 27. Bxe1 cxb6 0-1

[Event "106th British-ch Major 2019"]
[Site "Torquay"]
[Date "2019.07.31"]
[Round "5.23"]
[White "Pink, Joshua"]
[Black "Liu, Jack"]
[Result "1/2-1/2"]
[ECO "A03"]
[WhiteElo "1907"]
[BlackElo "1259"]
[Annotator "NA"]
[PlyCount "132"]
[EventDate "2019.07.27"]
[EventType "swiss"]
[EventCountry "GBR"]
[SourceTitle "playchess.com"]
[Source "ChessBase"]
[SourceQuality "1"]
[TimeControl "40/5400+30:1800+30"]

1. f4 Nf6 2. Nf3 g6 3. d3 d5 4. e3 c5 5. Be2 Bg7 6. O-O O-O 7. Nc3 Nc6 8. e4 d4 9. Nb1 Ng4 10. a4 Ne3 11. Bxe3 dxe3 12. c3 Bh6 13. g3 e5 14. Nxe5 Nxe5 15. fxe5 Qc7 16. d4 Bh3 17. Re1 Rad8 18. Na3 cxd4 19. cxd4 Qb6 20. Nb5 a6 21. Nd6 f6 22. a5 Qc7 23. Rc1 Qe7 24. Qb3+ Kh8 25. Qxb7 Qxb7 26. Nxb7 Rxd4 27. exf6 Rxf6 28. Nc5 Rd2 29. Nd3 Rd6 30. Rcd1 Rd4 31. b4 Rxe4 32. b5 axb5 33. Ra1 Ra4 34. Rxa4 bxa4 35. a6 Bc8 36. Nc5 Bxa6 37. Bc4 Bb5 38. Bxb5 Rd4 39. Ba6 Rd5 40. Ne6 Ra5 41. Bc4 a3 42. Ba2 Rf5 43. Re2 Rb5 44. g4 Rb4 45. h3 Rb5 46. Kg2 Re5 47. h4 Re4 48. Kf3 Re5 49. g5 Bg7 50. Rc2 h6 51. Nxg7 Kxg7 52. gxh6+ Kxh6 53. Ke2 Re4 54. Bd5 Rxh4 55. Kxe3 Ra4 56. Ra2 Kg7 57. Kd3 Kf6 58. Kc3 Ke5 59. Bb3 Ra7 60. Kb4 g5 61. Ba4 g4 62. Kxa3 g3 63. Kb3 Kf4 64. Rg2 Rxa4 65. Kxa4 Kf3 66. Rxg3+ Kxg3 1/2-1/2

[Event "106th British-ch Major 2019"]
[Site "Torquay"]
[Date "2019.07.31"]
[Round "5.24"]
[White "Robertson, Jim"]
[Black "Rice, Chris B"]
[Result "0-1"]
[ECO "A45"]
[WhiteElo "1580"]
[BlackElo "2040"]
[Annotator "NA"]
[PlyCount "36"]
[EventDate "2019.07.27"]
[EventType "swiss"]
[EventCountry "GBR"]
[SourceTitle "playchess.com"]
[Source "ChessBase"]
[SourceQuality "1"]
[TimeControl "40/5400+30:1800+30"]

1. d4 Nf6 2. e3 g6 3. f4 Bg7 4. Nf3 O-O 5. c3 d6 6. Bc4 c5 7. O-O Qc7 8. Nbd2 Nc6 9. Qe2 e5 10. fxe5 dxe5 11. dxc5 e4 12. Nh4 Ne5 13. b4 Bg4 14. Qf2 Rad8 15. Qf4 Qe7 16. Nxe4 Nh5 17. Qf2 Nxc4 18. Ng3 Qxh4 0-1

[Event "106th British-ch Major 2019"]
[Site "Torquay"]
[Date "2019.07.31"]
[Round "5.25"]
[White "Mueller, Jens"]
[Black "Rathbone-Jones, Ifan"]
[Result "0-1"]
[ECO "B13"]
[WhiteElo "1965"]
[BlackElo "1855"]
[Annotator "NA"]
[PlyCount "66"]
[EventDate "2019.07.27"]
[EventType "swiss"]
[EventCountry "GBR"]
[SourceTitle "playchess.com"]
[Source "ChessBase"]
[SourceQuality "1"]
[TimeControl "40/5400+30:1800+30"]

1. d4 e6 2. Bf4 d5 3. e3 Nf6 4. Nd2 c5 5. c3 Nc6 6. Bd3 cxd4 7. exd4 Bd6 8. Bxd6 Qxd6 9. Ngf3 O-O 10. O-O e5 11. dxe5 Nxe5 12. Nxe5 Qxe5 13. Nf3 Qc7 14. Qc2 Bg4 15. Nd4 g6 16. h3 Bd7 17. f4 Nh5 18. f5 Nf4 19. Rf3 Rae8 20. Raf1 g5 21. f6 h6 22. Rxf4 gxf4 23. Qd2 Re3 24. Bf5 Be6 25. Qd1 f3 26. Rxf3 Qe5 27. Rf1 Bxf5 28. Nxf5 Re2 29. Qc1 Qe4 30. Ne7+ Kh7 31. Qb1 Rxg2+ 32. Kh1 Rc2+ 33. Kg1 Qg2# 0-1

[Event "106th British-ch Major 2019"]
[Site "Torquay"]
[Date "2019.07.31"]
[Round "5.26"]
[White "Wilson, Matthew R"]
[Black "Chapman, Matt"]
[Result "1/2-1/2"]
[ECO "B13"]
[WhiteElo "1817"]
[BlackElo "1957"]
[Annotator "NA"]
[PlyCount "104"]
[EventDate "2019.07.27"]
[EventType "swiss"]
[EventCountry "GBR"]
[SourceTitle "playchess.com"]
[Source "ChessBase"]
[SourceQuality "1"]
[TimeControl "40/5400+30:1800+30"]

1. e4 c6 2. d4 d5 3. exd5 cxd5 4. Bd3 Nc6 5. c3 Qc7 6. Ne2 Bg4 7. O-O Nf6 8. f3 Bd7 9. Bf4 e5 10. dxe5 Nxe5 11. Re1 O-O-O 12. Na3 Bd6 13. Nb5 Bxb5 14. Bxb5 a6 15. Bxe5 Bxe5 16. Bd3 Bxh2+ 17. Kh1 h5 18. Bf5+ Kb8 19. Qd4 Bd6 20. b4 Rde8 21. Qd2 h4 22. Nd4 Bf4 23. Qd3 Nh5 24. Bh3 g6 25. Rab1 Bg3 26. Rxe8+ Rxe8 27. Ne2 Bf2 28. g4 Ng3+ 29. Nxg3 Qxg3 30. Qf1 Bb6 31. Qg2 Re1+ 32. Rxe1 Qxe1+ 33. Qf1 Qxc3 34. b5 a5 35. Bg2 d4 36. f4 d3 37. Qf3 Qe1+ 38. Kh2 Qg3+ 39. Qxg3 hxg3+ 40. Kxg3 d2 41. Bf3 Kc7 42. a4 Kd6 43. Bd1 f5 44. gxf5 gxf5 45. Kf3 Kd5 46. Ke2 Ke4 47. Kxd2 Kxf4 48. Ke2 Bc5 49. Bc2 b6 50. Bb1 Ke5 51. Kf3 f4 52. Bc2 Be3 {[%emt 0:01:20] Ke4+} 1/2-1/2

[Event "106th British-ch Major 2019"]
[Site "Torquay"]
[Date "2019.07.31"]
[Round "5.27"]
[White "Cocks, Elliot"]
[Black "May, Paul"]
[Result "1-0"]
[ECO "B41"]
[WhiteElo "1907"]
[BlackElo "1832"]
[Annotator "NA"]
[PlyCount "111"]
[EventDate "2019.07.27"]
[EventType "swiss"]
[EventCountry "GBR"]
[SourceTitle "playchess.com"]
[Source "ChessBase"]
[SourceQuality "1"]
[TimeControl "40/5400+30:1800+30"]

1. e4 c5 2. Nf3 a6 3. c4 e6 4. Nc3 Qc7 5. d4 cxd4 6. Nxd4 Nf6 7. a3 d6 8. Be3 b6 9. Be2 Bb7 10. f3 Nbd7 11. O-O Be7 12. Rc1 O-O 13. Qd2 Rfe8 14. b4 Ne5 15. Na4 Ned7 16. Rfd1 Qd8 17. Bf1 Bf8 18. Qf2 a5 19. Nb5 axb4 20. Nxb6 Ra6 21. Nxd7 Nxd7 22. axb4 Qb8 23. c5 Rc6 24. Nd4 Rcc8 25. c6 Ne5 26. cxb7 Qxb7 27. b5 d5 28. exd5 exd5 29. Qd2 Nc4 30. Bxc4 dxc4 31. Bf2 Red8 32. Qc3 Rd5 33. Re1 Qb8 34. Nc6 Qxb5 35. Qxc4 Qxc4 36. Rxc4 Ra8 37. Ne7+ Bxe7 38. Rxe7 Rd1+ 39. Re1 Rd7 40. Rce4 g6 41. Re8+ Rxe8 42. Rxe8+ Kg7 43. Bg3 Rb7 44. Be5+ f6 45. Bd4 Rc7 46. Ra8 Rc6 47. Ra7+ Kh6 48. Be3+ g5 49. h4 Kg6 50. hxg5 fxg5 51. Ra5 h6 52. Rb5 Kf7 53. Rb6 Re6 54. Rxe6 Kxe6 55. Kf2 Kf5 56. g4+ 1-0

[Event "106th British-ch Major 2019"]
[Site "Torquay"]
[Date "2019.07.31"]
[Round "5.28"]
[White "Ruane, Brendan J"]
[Black "Merriman, James"]
[Result "0-1"]
[ECO "C00"]
[WhiteElo "1904"]
[BlackElo "1808"]
[Annotator "NA"]
[PlyCount "46"]
[EventDate "2019.07.27"]
[EventType "swiss"]
[EventCountry "GBR"]
[SourceTitle "playchess.com"]
[Source "ChessBase"]
[SourceQuality "1"]
[TimeControl "40/5400+30:1800+30"]

1. e4 e6 2. d3 d5 3. Nd2 Nf6 4. Ngf3 Nc6 5. g3 dxe4 6. dxe4 e5 7. Bg2 Bc5 8. O-O O-O 9. c3 a5 10. Qc2 b6 11. Nb3 Bd6 12. h3 Ba6 13. Rd1 a4 14. Nbd2 Qe7 15. Bf1 Bb7 16. Bb5 Nd8 17. Nh4 g6 18. Re1 Ne6 19. Bf1 Nc5 20. f3 Nh5 21. Kh2 Qg5 22. Ng2 Qxg3+ 23. Kg1 Nf4 0-1

[Event "106th British-ch Major 2019"]
[Site "Torquay"]
[Date "2019.07.31"]
[Round "5.29"]
[White "Sanitt, Ethan"]
[Black "Paulden, Tim"]
[Result "1/2-1/2"]
[ECO "A11"]
[WhiteElo "1752"]
[BlackElo "1902"]
[Annotator "NA"]
[PlyCount "127"]
[EventDate "2019.07.27"]
[EventType "swiss"]
[EventCountry "GBR"]
[SourceTitle "playchess.com"]
[Source "ChessBase"]
[SourceQuality "1"]
[TimeControl "40/5400+30:1800+30"]

1. c4 Nf6 2. g3 c6 3. Bg2 d5 4. Nf3 Bf5 5. O-O e6 6. d3 Be7 7. h3 h6 8. Bf4 Nbd7 9. Nc3 g5 10. Bd2 Qb6 11. Qb3 Qxb3 12. axb3 Nc5 13. Nd4 Bh7 14. Na4 O-O 15. Nxc5 Bxc5 16. Nf3 Nd7 17. Bc3 f6 18. b4 Be7 19. Nd4 Kf7 20. b5 Rfc8 21. b3 Nb6 22. Bf3 Bg6 23. bxc6 bxc6 24. Ra6 e5 25. Nxc6 Rxc6 26. Rxb6 Rxb6 27. Bxd5+ Kf8 28. Bxa8 Rxb3 29. Rc1 a5 30. Bd5 a4 31. c5 Rb5 32. d4 a3 33. e4 exd4 34. Bxd4 a2 35. Bxa2 Bxe4 36. c6 Bf5 37. c7 Bc8 38. Bb1 Bd6 39. Be4 Rb4 40. Rd1 Kg7 41. Bxf6+ Kf7 42. Rxd6 Rxe4 43. g4 Re1+ 44. Kh2 Bb7 45. f3 Rc1 46. Bd8 Kg7 47. Rb6 Bc8 48. Bf6+ Kh7 49. Be5 Rc4 50. Kg3 Rc5 51. f4 h5 52. Rf6 gxf4+ 53. Bxf4 hxg4 54. hxg4 Kg7 55. Rb6 Rc3+ 56. Kf2 Rc2+ 57. Kf3 Rc3+ 58. Kf2 Rc2+ 59. Kg3 Rc3+ 60. Kh4 Rc4 61. Kg5 Rc5+ 62. Kh4 Rc4 63. Kg3 Rc3+ 64. Kf2 1/2-1/2

[Event "106th British-ch Major 2019"]
[Site "Torquay"]
[Date "2019.07.31"]
[Round "5.30"]
[White "Whitehead, Mark A"]
[Black "Gray, Edward"]
[Result "1/2-1/2"]
[ECO "B25"]
[WhiteElo "1887"]
[BlackElo "1757"]
[Annotator "NA"]
[PlyCount "54"]
[EventDate "2019.07.27"]
[EventType "swiss"]
[EventCountry "GBR"]
[SourceTitle "playchess.com"]
[Source "ChessBase"]
[SourceQuality "1"]
[TimeControl "40/5400+30:1800+30"]

1. e4 c5 2. Nc3 Nc6 3. g3 g6 4. Bg2 Bg7 5. d3 d6 6. Nge2 Nf6 7. Rb1 O-O 8. a3 Nd4 9. b4 e5 10. O-O b6 11. f4 Rb8 12. fxe5 dxe5 13. bxc5 Bg4 14. h3 Bxe2 15. Nxe2 bxc5 16. Rxb8 Qxb8 17. Nc3 h6 18. Kh2 Qc7 19. Bxh6 Bxh6 20. Rxf6 Qa5 21. Nd5 Qxa3 22. c3 Ne6 23. Rf2 a5 24. Qb1 a4 25. Ra2 Qb3 26. Rb2 Qa3 27. Ra2 Qb3 1/2-1/2

[Event "106th British-ch Major 2019"]
[Site "Torquay"]
[Date "2019.07.31"]
[Round "5.31"]
[White "Tombolis, Christopher"]
[Black "Renshaw, Lucas"]
[Result "1-0"]
[ECO "D63"]
[WhiteElo "1883"]
[BlackElo "1596"]
[Annotator "NA"]
[PlyCount "113"]
[EventDate "2019.07.27"]
[EventType "swiss"]
[EventCountry "GBR"]
[SourceTitle "playchess.com"]
[Source "ChessBase"]
[SourceQuality "1"]
[TimeControl "40/5400+30:1800+30"]

1. d4 e6 2. c4 d5 3. Nc3 Nf6 4. Bg5 Be7 5. Nf3 Nbd7 6. e3 O-O 7. Rc1 b6 8. cxd5 exd5 9. Bxf6 Nxf6 10. Ne5 Bb7 11. Bd3 c5 12. O-O Re8 13. Bb5 Rf8 14. Bc6 Qc8 15. Qa4 Bxc6 16. Qxc6 Qe6 17. Qxe6 fxe6 18. Nb5 Rfc8 19. f4 a6 20. Nc3 b5 21. Ne2 g6 22. a3 c4 23. Nc3 Bd6 24. h3 Bxe5 25. fxe5 Nd7 26. e4 Nxe5 27. dxe5 d4 28. Ne2 d3 29. Nd4 Rc5 30. Nxe6 Rxe5 31. Nc7 Ra7 32. Nd5 Kg7 33. Nc3 a5 34. Kh2 b4 35. Nb1 Rc7 36. axb4 axb4 37. Rfd1 Rec5 38. b3 Kf6 39. Rxc4 Rxc4 40. bxc4 Rxc4 41. Rxd3 Rxe4 42. Nd2 Re7 43. Rf3+ Kg7 44. Rb3 Rb7 45. Ne4 Rb5 46. Nc3 Rc5 47. Na2 Kf6 48. Rf3+ Ke6 49. Nxb4 Rb5 50. Nc6 Kd6 51. Nd8 Ke7 52. Nf7 Ra5 53. h4 Rh5 54. g3 h6 55. Nh8 g5 56. Ng6+ Ke6 57. g4 1-0

[Event "106th British-ch Major 2019"]
[Site "Torquay"]
[Date "2019.07.31"]
[Round "5.32"]
[White "Lovell, William Pm"]
[Black "Roy, Ali"]
[Result "0-1"]
[ECO "A36"]
[WhiteElo "1777"]
[BlackElo "1871"]
[Annotator "NA"]
[PlyCount "84"]
[EventDate "2019.07.27"]
[EventType "swiss"]
[EventCountry "GBR"]
[SourceTitle "playchess.com"]
[Source "ChessBase"]
[SourceQuality "1"]
[TimeControl "40/5400+30:1800+30"]

1. c4 Nf6 2. g3 g6 3. Bg2 Bg7 4. Nc3 O-O 5. e4 d6 6. Nge2 c5 7. O-O Nc6 8. d3 a6 9. h3 Rb8 10. a4 Bd7 11. Be3 Na5 12. Rb1 b5 13. axb5 axb5 14. b3 b4 15. Nd5 e5 16. Ra1 Nxd5 17. cxd5 f5 18. Bc1 Qb6 19. Bb2 Bb5 20. Re1 fxe4 21. dxe4 c4 22. Rf1 c3 23. Bc1 Bxe2 24. Qxe2 Nxb3 25. Be3 Nd4 26. Qd3 Qb5 27. Qxb5 Rxb5 28. Rfb1 b3 29. Bf1 b2 30. Ra2 Rc5 31. Bd3 Rb8 32. Kg2 c2 33. Rbxb2 Rxb2 34. Rxb2 c1=Q 35. Bxc1 Rxc1 36. Rb6 Bf8 37. Ra6 Nb3 38. Ra3 Nc5 39. f4 Rd1 40. Be2 Rd4 41. Bf3 exf4 42. gxf4 Nxe4 0-1

[Event "106th British-ch Major 2019"]
[Site "Torquay"]
[Date "2019.07.31"]
[Round "5.33"]
[White "Cowan, Richard M"]
[Black "Sheikh, Anum"]
[Result "0-1"]
[ECO "B04"]
[WhiteElo "1931"]
[BlackElo "1693"]
[Annotator "NA"]
[PlyCount "96"]
[EventDate "2019.07.27"]
[EventType "swiss"]
[EventCountry "GBR"]
[SourceTitle "playchess.com"]
[Source "ChessBase"]
[SourceQuality "1"]
[TimeControl "40/5400+30:1800+30"]

1. e4 Nf6 2. e5 Nd5 3. c4 Nb6 4. d4 d6 5. exd6 exd6 6. Nf3 Nc6 7. Be2 Be7 8. O-O O-O 9. Nc3 Re8 10. Be3 Bf6 11. Rc1 Bf5 12. a3 d5 13. Nxd5 Nxd5 14. cxd5 Qxd5 15. Bc4 Qd7 16. b4 Rad8 17. Qb3 Be4 18. Bf4 Bd5 19. Rfd1 Re7 20. h3 Qf5 21. Bxd5 Qxd5 22. Qxd5 Rxd5 23. Rc5 Red7 24. Re1 h6 25. Rxd5 Rxd5 26. Re8+ Kh7 27. Bxc7 Nxd4 28. Nxd4 Rxd4 29. Rb8 Rd1+ 30. Kh2 Rd7 31. Bf4 Bb2 32. Ra8 Bxa3 33. Rxa7 Bxb4 34. f3 Bc5 35. Ra5 b6 36. Rb5 Ra7 37. Bd2 Ra2 38. Bf4 Ra5 39. Rb2 Bd4 40. Rb4 Rd5 41. Bc1 b5 42. Bb2 Bxb2 43. Rxb2 Kg6 44. Kg3 Kf5 45. Rb4 Ke5 46. Re4+ Kd6 47. Kf4 g5+ 48. Kg4 f5+ 0-1

[Event "106th British-ch Major 2019"]
[Site "Torquay"]
[Date "2019.07.31"]
[Round "5.34"]
[White "Forster, James Connor C"]
[Black "Morgan, Jamie"]
[Result "1/2-1/2"]
[ECO "A57"]
[WhiteElo "1831"]
[BlackElo "1894"]
[Annotator "NA"]
[PlyCount "67"]
[EventDate "2019.07.27"]
[EventType "swiss"]
[EventCountry "GBR"]
[SourceTitle "playchess.com"]
[Source "ChessBase"]
[SourceQuality "1"]
[TimeControl "40/5400+30:1800+30"]

1. d4 Nf6 2. c4 c5 3. d5 b5 4. Qc2 bxc4 5. e4 g6 6. Bxc4 d6 7. Nf3 Bg7 8. O-O O-O 9. Re1 Ba6 10. Na3 Nfd7 11. Rb1 Bxc4 12. Nxc4 Nb6 13. b3 N8d7 14. Bd2 Nxc4 15. bxc4 Qc7 16. Rb5 Rfb8 17. Reb1 a6 18. Ba5 Qc8 19. R5b3 Rxb3 20. Rxb3 Rb8 21. h3 Rxb3 22. Qxb3 Qb8 23. Kf1 Qxb3 24. axb3 Bb2 25. Ke2 Ba3 26. Ne1 Bb4 27. Bxb4 cxb4 28. Nd3 a5 29. f4 Nc5 30. Nxc5 dxc5 31. e5 Kf8 32. g4 Ke8 33. Kd3 Kf8 34. Kd2 1/2-1/2

[Event "106th British-ch Major 2019"]
[Site "Torquay"]
[Date "2019.07.31"]
[Round "5.35"]
[White "Pattni, Kishan"]
[Black "Miller, George I"]
[Result "0-1"]
[ECO "A02"]
[WhiteElo "1608"]
[BlackElo "1891"]
[Annotator "NA"]
[PlyCount "42"]
[EventDate "2019.07.27"]
[EventType "swiss"]
[EventCountry "GBR"]
[SourceTitle "playchess.com"]
[Source "ChessBase"]
[SourceQuality "1"]
[TimeControl "40/5400+30:1800+30"]

1. f4 e5 2. fxe5 d6 3. exd6 Bxd6 4. Nf3 Nf6 5. g3 h5 6. d3 Ng4 7. Bf4 Nc6 8. Bxd6 Qxd6 9. Qd2 h4 10. gxh4 Nce5 11. Nxe5 Qxe5 12. Nc3 Ne3 13. d4 Qf4 14. Qd3 Bf5 15. Qb5+ c6 16. Qxb7 Nxc2+ 17. Kd1 Ne3+ 18. Ke1 O-O 19. Qxc6 Qxh4+ 20. Kd2 Qxd4+ 21. Ke1 Rac8 0-1

[Event "106th British-ch Major 2019"]
[Site "Torquay"]
[Date "2019.08.01"]
[Round "6.1"]
[White "Hagesaether, Arne"]
[Black "Clarke, Brandon Gi"]
[Result "0-1"]
[ECO "A49"]
[WhiteElo "2046"]
[BlackElo "2433"]
[Annotator "NA"]
[PlyCount "64"]
[EventDate "2019.07.27"]
[EventType "swiss"]
[EventCountry "GBR"]
[SourceTitle "playchess.com"]
[Source "ChessBase"]
[SourceQuality "1"]
[TimeControl "40/5400+30:1800+30"]

1. d4 Nf6 2. Nf3 g6 3. g3 Bg7 4. Bg2 O-O 5. O-O d6 6. a4 Na6 7. Re1 d5 8. h3 c5 9. Be3 Ne4 10. Nbd2 Nd6 11. Nb3 Nc4 12. Bg5 h6 13. Bc1 cxd4 14. Nfxd4 e5 15. Nb5 e4 16. c3 Re8 17. Nd2 Ne5 18. Nf1 Nb8 19. Ne3 a6 20. Nd4 Nbc6 21. Qb3 Be6 22. Nxe6 fxe6 23. Rd1 Qc7 24. Nxd5 exd5 25. Qxd5+ Nf7 26. Bf4 Qe7 27. h4 h5 28. Bh3 Kh7 29. Rac1 Rad8 30. Qb3 Bh6 31. Rxd8 Rxd8 32. Be6 Bxf4 0-1

[Event "106th British-ch Major 2019"]
[Site "Torquay"]
[Date "2019.08.01"]
[Round "6.2"]
[White "Pollack, Oscar"]
[Black "Taylor, Adam A"]
[Result "0-1"]
[ECO "B32"]
[WhiteElo "2088"]
[BlackElo "2168"]
[Annotator "NA"]
[PlyCount "56"]
[EventDate "2019.07.27"]
[EventType "swiss"]
[EventCountry "GBR"]
[SourceTitle "playchess.com"]
[Source "ChessBase"]
[SourceQuality "1"]
[TimeControl "40/5400+30:1800+30"]

1. e4 c5 2. Nf3 Nc6 3. d4 cxd4 4. Nxd4 e5 5. Nb5 d6 6. N1c3 a6 7. Na3 b5 8. Nd5 Nge7 9. c4 Nd4 10. Be3 Nxd5 11. cxd5 g6 12. Bd3 Bg7 13. O-O O-O 14. Qd2 f5 15. Bxd4 exd4 16. f4 fxe4 17. Bxe4 Bf5 18. Rae1 Qb6 19. Qd3 Bxe4 20. Rxe4 Qc5 21. Nc2 Qxd5 22. Nxd4 Rfe8 23. Rxe8+ Rxe8 24. Rd1 Bxd4+ 25. Kf1 Re4 26. g3 Qe6 27. Kg2 Re2+ 28. Kf1 Rf2+ 0-1

[Event "106th British-ch Major 2019"]
[Site "Torquay"]
[Date "2019.08.01"]
[Round "6.3"]
[White "Graham, David B"]
[Black "Ashworth, Michael J"]
[Result "1/2-1/2"]
[ECO "B23"]
[WhiteElo "2162"]
[BlackElo "1957"]
[Annotator "NA"]
[PlyCount "47"]
[EventDate "2019.07.27"]
[EventType "swiss"]
[EventCountry "GBR"]
[SourceTitle "playchess.com"]
[Source "ChessBase"]
[SourceQuality "1"]
[TimeControl "40/5400+30:1800+30"]

1. e4 c5 2. Nc3 Nc6 3. Bb5 Nd4 4. Bc4 g6 5. d3 Bg7 6. Nf3 e6 7. O-O Ne7 8. Bg5 h6 9. Bh4 O-O 10. e5 Nxf3+ 11. Qxf3 Bxe5 12. Rfe1 Bg7 13. Ne4 d5 14. Nf6+ Kh8 15. Nxd5 g5 16. Nxe7 Qxe7 17. Bg3 Bxb2 18. Rab1 Bc3 19. Be5+ Bxe5 20. Rxe5 Rb8 21. h4 f6 22. Re3 e5 23. hxg5 hxg5 24. Kf1 1/2-1/2

[Event "106th British-ch Major 2019"]
[Site "Torquay"]
[Date "2019.08.01"]
[Round "6.4"]
[White "Cleary, Mark"]
[Black "Sugden, John N"]
[Result "1/2-1/2"]
[ECO "B12"]
[WhiteElo "2023"]
[BlackElo "2068"]
[Annotator "NA"]
[PlyCount "118"]
[EventDate "2019.07.27"]
[EventType "swiss"]
[EventCountry "GBR"]
[SourceTitle "playchess.com"]
[Source "ChessBase"]
[SourceQuality "1"]
[TimeControl "40/5400+30:1800+30"]

1. e4 c6 2. d4 d5 3. e5 Bf5 4. h4 h6 5. g4 Bd7 6. h5 c5 7. c3 Nc6 8. Na3 cxd4 9. cxd4 Qb6 10. Nc2 Nb4 11. Be2 e6 12. Na3 Ne7 13. Be3 Nec6 14. f4 a5 15. Nf3 Na7 16. O-O Nb5 17. Nc2 Nxc2 18. Qxc2 Na7 19. Rfc1 Be7 20. Bd1 Nc6 21. Qb3 Qxb3 22. axb3 Bb4 23. Bc2 O-O 24. Kg2 Rac8 25. Bd3 Na7 26. Rxc8 Rxc8 27. Rc1 Rxc1 28. Bxc1 Bb5 29. Bc2 Nc6 30. Kf2 Be7 31. Ke3 Bf1 32. Bd2 Bd8 33. Bc3 Bb6 34. Ne1 Bh3 35. Bd1 Bf1 36. Nc2 f6 37. Be2 Bxe2 38. Kxe2 Kf7 39. Kd3 g6 40. b4 axb4 41. Bxb4 gxh5 42. gxh5 Bxd4 43. Nxd4 Nxb4+ 44. Kc3 Nc6 45. Nf3 fxe5 46. fxe5 Ke7 47. b4 Kd7 48. b5 Ne7 49. Kb4 Nf5 50. Kc5 Kc7 51. Nh2 Ng3 52. Ng4 Ne4+ 53. Kb4 Kb6 54. Nf6 Ng3 55. Nd7+ Kc7 56. Nf6 Ne2 57. Kc5 b6+ 58. Kb4 Nd4 59. Ng4 Nf5 1/2-1/2

[Event "106th British-ch Major 2019"]
[Site "Torquay"]
[Date "2019.08.01"]
[Round "6.5"]
[White "Barton, R Alan"]
[Black "Payne, Matthew J"]
[Result "0-1"]
[ECO "D03"]
[WhiteElo "1941"]
[BlackElo "2168"]
[Annotator "NA"]
[PlyCount "56"]
[EventDate "2019.07.27"]
[EventType "swiss"]
[EventCountry "GBR"]
[SourceTitle "playchess.com"]
[Source "ChessBase"]
[SourceQuality "1"]
[TimeControl "40/5400+30:1800+30"]

1. d4 Nf6 2. Bg5 e6 3. Nf3 Be7 4. Nbd2 O-O 5. e3 d5 6. Bd3 c5 7. c3 b6 8. Qe2 Bb7 9. Ne5 Ne4 10. Bxe7 Qxe7 11. h4 f6 12. Nef3 Nd7 13. g4 Rac8 14. Rh3 c4 15. Bc2 b5 16. a3 a5 17. h5 b4 18. axb4 axb4 19. Nxe4 dxe4 20. Nh4 bxc3 21. bxc3 Ra8 22. Rxa8 Rxa8 23. Qxc4 Ra1+ 24. Kd2 Qa3 25. Qxe6+ Kf8 26. Bxe4 Qc1+ 27. Kd3 Qf1+ 28. Kd2 Qd1# 0-1

[Event "106th British-ch Major 2019"]
[Site "Torquay"]
[Date "2019.08.01"]
[Round "6.6"]
[White "Lentzos, Ioannis"]
[Black "Forster, Matthew"]
[Result "1/2-1/2"]
[ECO "B28"]
[WhiteElo "2043"]
[BlackElo "1825"]
[Annotator "NA"]
[PlyCount "56"]
[EventDate "2019.07.27"]
[EventType "swiss"]
[EventCountry "GBR"]
[SourceTitle "playchess.com"]
[Source "ChessBase"]
[SourceQuality "1"]
[TimeControl "40/5400+30:1800+30"]

1. e4 c5 2. Nf3 a6 3. g3 g6 4. Bg2 Bg7 5. O-O Nc6 6. d3 d6 7. c3 e5 8. a4 Nge7 9. Na3 O-O 10. Nc4 Rb8 11. a5 Be6 12. b4 d5 13. exd5 Bxd5 14. bxc5 e4 15. Nd4 exd3 16. Qxd3 Bxg2 17. Kxg2 Nxd4 18. cxd4 Bxd4 19. Rb1 Bxc5 20. Qxd8 Rfxd8 21. Bf4 Rbc8 22. Rxb7 Nd5 23. Bg5 f6 24. Be3 Nxe3+ 25. Nxe3 Rb8 26. Rfb1 Rxb7 27. Rxb7 Rd2 28. Ng4 Rd6 1/2-1/2

[Event "106th British-ch Major 2019"]
[Site "Torquay"]
[Date "2019.08.01"]
[Round "6.7"]
[White "Turner, Max N"]
[Black "Rogacewicz, Mikolaj"]
[Result "0-1"]
[ECO "B07"]
[WhiteElo "2026"]
[BlackElo "1925"]
[Annotator "NA"]
[PlyCount "110"]
[EventDate "2019.07.27"]
[EventType "swiss"]
[EventCountry "GBR"]
[SourceTitle "playchess.com"]
[Source "ChessBase"]
[SourceQuality "1"]
[TimeControl "40/5400+30:1800+30"]

1. e4 d6 2. d4 Nf6 3. Nc3 e5 4. f3 exd4 5. Qxd4 Nc6 6. Bb5 Bd7 7. Bxc6 Bxc6 8. Bg5 Be7 9. h4 O-O 10. O-O-O Nd7 11. Bxe7 Qxe7 12. Nd5 Bxd5 13. Qxd5 Qe5 14. Ne2 Qxd5 15. Rxd5 Rae8 16. Nc3 Nb6 17. Rd4 f5 18. Re1 fxe4 19. Rdxe4 Rxe4 20. Rxe4 c6 21. b3 d5 22. Re7 Rf7 23. Re8+ Rf8 24. Re7 Rf7 25. Re8+ Rf8 26. Rxf8+ Kxf8 27. Kd2 Ke7 28. Ke3 Nd7 29. g4 Ke6 30. Ne2 c5 31. c3 b5 32. Nf4+ Ke5 33. Nd3+ Kd6 34. b4 c4 35. Nf4 Ke5 36. Ne2 a6 37. f4+ Kd6 38. g5 g6 39. Nd4 Nf8 40. f5 gxf5 41. Nxf5+ Ke5 42. Nd4 Nd7 43. h5 Nf8 44. Kf3 Nd7 45. Ke3 Nf8 46. Nc6+ Kf5 47. Nb8 Kxg5 48. Nxa6 Ne6 49. Nc5 Nc7 50. a4 bxa4 51. Nxa4 Kxh5 52. Nb2 Kg4 53. Kd4 h5 54. Nd1 Kf3 55. Ne3 Nb5+ 0-1

[Event "106th British-ch Major 2019"]
[Site "Torquay"]
[Date "2019.08.01"]
[Round "6.8"]
[White "Foster, Timothy"]
[Black "Gardiner, Eric D"]
[Result "1-0"]
[ECO "E51"]
[WhiteElo "1852"]
[BlackElo "1957"]
[Annotator "NA"]
[PlyCount "99"]
[EventDate "2019.07.27"]
[EventType "swiss"]
[EventCountry "GBR"]
[SourceTitle "playchess.com"]
[Source "ChessBase"]
[SourceQuality "1"]
[TimeControl "40/5400+30:1800+30"]

1. d4 e6 2. c4 Nf6 3. Nc3 Bb4 4. e3 O-O 5. Nf3 d5 6. Bd2 b6 7. cxd5 exd5 8. Bd3 c5 9. h3 Nc6 10. dxc5 bxc5 11. O-O Be6 12. a3 Ba5 13. Rc1 Rb8 14. Na4 c4 15. Bc2 Qe7 16. Bxa5 Nxa5 17. Nd4 Rfc8 18. Rb1 Nd7 19. Qd2 Nb7 20. Rfd1 Nbc5 21. Nc3 Ne5 22. f4 Ned3 23. f5 Bd7 24. Nxd5 Qd6 25. Bxd3 Qxd5 26. Bc2 Qe5 27. Nf3 Qe7 28. Qd4 Re8 29. e4 Bb5 30. e5 Nd3 31. Bxd3 cxd3 32. a4 Bc6 33. Qxd3 Bxf3 34. Qxf3 Qxe5 35. Qf2 a5 36. b3 Rec8 37. Rd3 h6 38. Re1 Qc7 39. f6 g5 40. Rde3 Qc6 41. h4 Re8 42. hxg5 Rxe3 43. Qxe3 Kf8 44. Qe7+ Kg8 45. gxh6 Qd5 46. Re5 Qxb3 47. Rxa5 Qd1+ 48. Kh2 Qg4 49. Qe1 Kf8 50. Qg3 1-0